 Dungeon Crawl Stone Soup version 0.19.5 (console) character file.

158 Grinner the Ducker (level 5, 0/27 HPs)
             Began as a Spriggan Monk on Mar 5, 2017.
             Succumbed to a worker ant's poison
             ... on level 4 of the Dungeon.
             The game lasted 00:06:59 (4765 turns).

Grinner the Ducker (Spriggan Monk)                  Turns: 4765, Time: 00:06:59

Health: 0/27       AC:  3    Str:  7    XL:     5   Next: 16%
Magic:  6/6        EV: 22    Int: 12    God:
Gold:   166        SH:  0    Dex: 19    Spells: 1 memorised, 2 levels left

rFire  + . .     SeeInvis +     w - +1 dagger (holy)
rCold  . . .     Gourm    .     b - +0 robe
rNeg   . . .     Faith    +     (shield restricted)
rPois  .         Spirit   .     (helmet restricted)
rElec  .         Reflect  .     r - +0 cloak
rCorr  .         Harm     .     (gloves unavailable)
MR     .....                    (boots unavailable)
Stlth  +++.......               p - amulet of faith
                                (no ring)
                                k - ring of protection from fire

@: lethally poisoned (0 -> -18), very quick
A: unfitting armour, see invisible, herbivore 3, speed 3, slow metabolism 2
a: no special abilities


You were on level 4 of the Dungeon.
You were hungry.

You visited 1 branch of the dungeon, and saw 4 of its levels.

You collected 166 gold pieces.

Inventory:

Hand Weapons
 a - a +0 short sword
 w - a +1 dagger of holy wrath (weapon)
Armour
 b - a +0 robe (worn)
 r - a +0 cloak (worn)
Jewellery
 k - a ring of protection from fire (left hand)
 p - an amulet of faith (around neck)
Scrolls
 d - a scroll of amnesia {unknown}
 e - 6 scrolls of identify {unknown}
 g - a scroll of magic mapping {unknown}
 i - a scroll of recharging {unknown}
 j - 2 scrolls of enchant weapon {unknown}
 l - a scroll of remove curse {unknown}
 m - 5 scrolls of teleportation {unknown}
 n - a scroll of blinking {unknown}
 t - a scroll of fog {unknown}
 v - a scroll of enchant armour {unknown}
Potions
 f - a potion of brilliance
 x - a potion of magic
Books
 u - a book of Minor Magic

   Spells                             Type                      Level
   a - Magic Dart                     Conjuration                  1
   b - Blink                          Translocation                2
   c - Call Imp                       Summoning                    2
   d - Repel Missiles                 Charms/Air                   2
   e - Slow                           Hexes                        2
   f - Conjure Flame                  Conjuration/Fire             3
   g - Mephitic Cloud                 Conjuration/Poison/Air       3
Comestibles
 c - 2 bread rations


   Skills:
 - Level 2.4 Fighting
 + Level 4.7 Short Blades
 + Level 5.9 Dodging
 + Level 5.4 Stealth


You had 2 spell levels left.
You knew the following spells:

 Your Spells              Type           Power        Failure   Level  Hunger
m - Repel Missiles        Chrm/Air       #.....       52%         2    ###....


Dungeon Overview and Level Annotations

Branches:
Dungeon (4/15)
 Temple: D:4-7

Altars:
Ashenzari
Gozag


Innate Abilities, Weirdness & Mutations

You are very small and have problems with some larger weapons.
You are too small for most types of armour.
You have supernaturally acute eyesight. (SInv)
You are a herbivore.
You cover ground extremely quickly.
You need consume almost no food.


Message History

You are too injured to fight recklessly!
You are too injured to fight recklessly!
You are too injured to fight recklessly!
You are too injured to fight recklessly!
You are too injured to fight recklessly!
You are too injured to fight recklessly!
You hit the worker ant but do no damage.
The worker ant is almost dead.
The worker ant closely misses you.
You closely miss the worker ant.
The worker ant is almost dead.
* * * LOW HITPOINT WARNING * * *
You feel sick. The worker ant bites you.
* * * LOW HITPOINT WARNING * * *
You are more poisoned.
The worker ant poisons you!
Okay, then.
You closely miss the worker ant.
The worker ant is almost dead.
You die...

#..........#.##.#
######...#.###.#.##.#
...........# #.#.....
######.##.###.####.#
#.##.....# #.#
##'######## #.#
##...## #.# ##a....##
###.# ##@......##
##..).
#.<.......####.....
+.........'........
#.........####...#.
##.......## ##.##.
##.....## ####.
##...## #. ##'## #.
#.# .


You could see a worker ant.

Vanquished Creatures
  A hound (D:3)
  4 adders
  4 worms
  2 leopard geckos
  An orc (D:3)
  7 giant cockroaches
  9 goblins
  6 hobgoblins
  11 jackals
  2 quokkas (D:3)
  2 ball pythons
  12 bats
  2 frilled lizards (D:1)
  2 kobolds
  8 rats
73 creatures vanquished.

Notes
Turn   | Place    | Note
-------+----------+-------------------------------------------
     0 | D:1      | Grinner the Spriggan Monk began the quest for the Orb.
     0 | D:1      | Reached XP level 1. HP: 11/11 MP: 2/2
   205 | D:1      | Reached XP level 2. HP: 13/16 MP: 3/3
   560 | D:1      | Reached skill level 5 in Dodging
  1140 | D:2      | Reached XP level 3. HP: 19/19 MP: 4/4
  1617 | D:2      | Found a shattered altar of Ashenzari.
  1964 | D:2      | Reached XP level 4. HP: 21/23 MP: 5/5
  2029 | D:2      | Found an opulent altar of Gozag.
  3017 | D:3      | Learned a level 2 spell: Repel Missiles
  3080 | D:3      | Reached skill level 5 in Stealth
  3300 | D:3      | Reached XP level 5. HP: 24/27 MP: 6/6
  3861 | D:4      | Gained mutation: Your mind is acute. (Int +2) [potion of mutation]
  3861 | D:4      | Gained mutation: Your muscles are strong. (Str +2) [potion of mutation]
  3862 | D:4      | Lost mutation: Your mind is acute. (Int +2) [potion of cure mutation]
  3862 | D:4      | Lost mutation: Your muscles are strong. (Str +2) [potion of cure mutation]
  4764 | D:4      | HP: 1/27 [worker ant (3)]
  4765 | D:4      | Succumbed to a worker ant's poison

Skill      XL: |  1  2  3  4 |
---------------+-------------+-----
Dodging        | 5 |  5.9
Stealth        | 4 5 |  5.4
Short Blades   | 4 |  4.7
Fighting       | |  2.4

Action                   |  1- 3 |  4- 6 || total
-------------------------+-------+-------++-------
Melee: Short sword       |   147 |    87 ||   234
       Dagger            |       |   186 ||   186
  Use: Potion            |       |     6 ||     6
 Stab: Sleeping          |     9 |     4 ||    13
       Distracted        |       |     1 ||     1
  Eat: Pizza             |       |     1 ||     1
Armor: Robe              |    13 |     5 ||    18
       Skin              |       |     8 ||     8
Dodge: Dodged            |   172 |   154 ||   326
